 Dungeon Crawl Stone Soup version 0.19.5 (webtiles) character file.

387 JeffiDaFish the Cudgeler (level 6, -7/38 HPs)
             Began as a Gargoyle Fighter on Mar 11, 2017.
             Mangled by an ogre
             ... wielding a +0 giant club
              (14 damage)
             ... on level 4 of the Dungeon on Mar 12, 2017.
             The game lasted 00:06:22 (3129 turns).

JeffiDaFish the Cudgeler (Gargoyle Fighter)         Turns: 3129, Time: 00:06:22

Health: -7/38      AC: 17    Str: 19 (20) XL:     6   Next: 78%
Magic:  6/6        EV:  5    Int:  5 (8)  God:
Gold:   10         SH:  9    Dex: 10 (11) Spells: 1 memorised, 1 level left

rFire  . . .     SeeInvis .     a - +0 flail
rCold  . . .     Gourm    .     p - +0 chain mail
rNeg   + . .     Faith    .     c - +0 shield
rPois  ∞         Spirit   .     l - +0 helmet
rElec  +         Reflect  .     h - +0 cloak
rCorr  .         Harm     .     j - +0 pair of gloves
MR     .....                    (no boots)
Stlth  ..........               (no amulet)
                                (no ring)
                                (no ring)

@: no status effects
A: negative energy resistance 1, electricity resistance, unbreathing,
petrification resistance, rot immunity, AC +4
a: no special abilities


You were on level 4 of the Dungeon.
You were not hungry.

You visited 1 branch of the dungeon, and saw 4 of its levels.

You collected 140 gold pieces.
You spent 130 gold pieces at shops.

Inventory:

Hand Weapons
 a - a +0 flail (weapon)
Armour
 c - a +0 shield (worn)
 h - a +0 cloak (worn)
 j - a +0 pair of gloves (worn)
 l - a +0 helmet (worn)
 p - a +0 chain mail (worn)
Scrolls
 g - a scroll of remove curse
 k - 2 scrolls of teleportation
 n - a scroll of amnesia
Potions
 d - 3 potions of resistance
 i - 4 potions of curing
Books
 o - a book of Necromancy

   Spells                             Type                      Level
   a - Pain                           Necromancy                   1
   b - Animate Skeleton               Necromancy                   1
   c - Vampiric Draining              Necromancy                   3
   d - Regeneration                   Charms/Necromancy            3
   e - Animate Dead                   Necromancy                   4
   f - Control Undead                 Necromancy                   4
Comestibles
 f - 2 bread rations
 m - 6 chunks of flesh


   Skills:
 + Level 4.1 Fighting
 + Level 4.8 Maces & Flails
 + Level 4.0 Armour
 + Level 1.3 Dodging
 + Level 4.8 Shields


You had one spell level left.
You knew the following spells:

 Your Spells              Type           Power        Failure   Level  Hunger
a - Animate Dead          Necr           N/A          100%        4    #####..


Dungeon Overview and Level Annotations

Branches:
Dungeon (4/15)
 Temple: D:4-7

Altars:
Ashenzari
Makhleb
Sif Muna

Shops:
D:4 *[[*


Innate Abilities, Weirdness & Mutations

You are resistant to torment.
Your stone body is resilient. (AC +4)
You are immune to poison.
You resist negative energy. (rN+)
You are resistant to electric shocks. (rElec)
You can survive without breathing.
You are immune to petrification.
You are immune to rotting.


Message History

There is an entrance to Gosakej's General Store here.
You are too injured to fight recklessly!
You are too injured to fight recklessly!
You feel much better.
You hit the ogre.
The ogre is lightly wounded.
You block the ogre's attack.
You sock the ogre!
The ogre is heavily wounded.
The ogre hits you with a giant club.
Your shield and chain mail prevent you from hitting the ogre.
The ogre is heavily wounded.
The ogre hits you with a giant club!!
Ouch! That really hurt!
* * * LOW HITPOINT WARNING * * *
You are too injured to fight recklessly!
You hit the ogre.
The ogre is heavily wounded.
The ogre hits you with a giant club!
You die...

#.# #...#
...#######...######
#..?...............
...................
#.........>.......
######.....###.#
#...♣.# # #.....#
#<.♣@♣# .# #....O#
###..# .......♣...
.....# ....#..
#.#.# ####.#
##..#.. .# ..
....... .# ## .
∩#.. . ..#.. .


You could see an ogre.

Vanquished Creatures
  The ghost of ENesbit the Cudgeler, an amateur OgAK of Lugonu (D:3)
  A phantom (D:3)
  An orc priest (D:4)
  Natasha (D:3)
  Robin (D:2)
  2 adders
  An ooze (D:3)
  5 worms
  A leopard gecko (D:4)
  6 orcs
  3 bats
  2 giant cockroaches
  18 goblins
  9 hobgoblins
  12 jackals
  4 kobolds
  2 quokkas (D:2)
  3 ball pythons
  5 frilled lizards (D:2)
  4 rats
82 creatures vanquished.

Notes
Turn   | Place    | Note
-------+----------+-------------------------------------------
     0 | D:1      | JeffiDaFish the Gargoyle Fighter began the quest for the Orb.
     0 | D:1      | Reached XP level 1. HP: 14/14 MP: 1/1
   633 | D:1      | Reached XP level 2. HP: 19/19 MP: 2/2
  1144 | D:2      | Found a faded altar of an unknown god.
  1312 | D:2      | Reached XP level 3. HP: 23/23 MP: 3/3
  1694 | D:2      | Reached XP level 4. HP: 28/29 MP: 4/4
  1742 | D:2      | Noticed Robin
  1778 | D:2      | Killed Robin
  1834 | D:2      | Found a shattered altar of Ashenzari.
  2030 | D:3      | Noticed Natasha
  2033 | D:3      | Noticed a phantom
  2047 | D:3      | Killed Natasha
  2047 | D:3      | Reached XP level 5. HP: 29/33 MP: 5/5
  2092 | D:3      | Killed a phantom
  2260 | D:3      | Found a burning altar of Makhleb.
  2288 | D:3      | Noticed ENesbit's ghost (amateur OgAK)
  2301 | D:3      | Killed ENesbit's ghost
  2301 | D:3      | Reached skill level 1 in Dodging
  2301 | D:3      | Reached XP level 6. HP: 13/38 MP: 6/6
  2713 | D:3      | Found a deep blue altar of Sif Muna.
  2960 | D:4      | Found Jacoj's Assorted Antiques.
  2994 | D:4      | Learned a level 4 spell: Animate Dead
  3030 | D:4      | Found Qadavi's Antique Armour Emporium.
  3034 | D:4      | Bought a chain mail for 130 gold pieces
  3112 | D:4      | Found Gosakej's General Store.
  3121 | D:4      | Found Syqydghu's Antique Armour Shop.
  3129 | D:4      | Mangled by an ogre

Skill      XL: |  1  2  3  4  5 |
---------------+----------------+-----
Maces & Flails | 3 4 |  4.8
Shields        | 4 |  4.8
Fighting       | 4 |  4.1
Armour         | 4 |  4.0
Dodging        | 1 |  1.3

Action                   |  1- 3 |  4- 6 || total
-------------------------+-------+-------++-------
Melee: Flail             |   180 |   194 ||   374
  Use: Potion            |     3 |     5 ||     8
       Scroll            |     1 |     5 ||     6
  Eat: Chunk             |     3 |     5 ||     8
Armor: Scale mail        |    92 |   113 ||   205
       Chain mail        |       |    21 ||    21
Dodge: Dodged            |    50 |    80 ||   130
Block: Shield            |    94 |   135 ||   229
